 Dungeon Crawl Stone Soup version 0.21.1-1-g345015f (webtiles) character file.

53 letownia2 the Charmwright (level 3, 0/31 HPs)
             Began as a Gnoll Skald on Feb 27, 2018.
             Slain by Jessica (1 damage)
             ... on level 3 of the Dungeon.
             The game lasted 00:02:44 (400 turns).

letownia2 the Charmwright (Gnoll Skald)              Turns: 400, Time: 00:02:45

Health: 0/31       AC:  3    Str: 13    XL:     3   Next: 89%
Magic:  2/9        EV: 14    Int: 16    God:
Gold:   27         SH:  0    Dex: 14    Spells: 7/12 levels left

rFire    . . .     SeeInvis .   a - +0 spear
rCold    . . .     Gourm    .   (no shield)
rNeg     . . .     Faith    .   b - +0 leather armour
rPois    .         Spirit   .   (no helmet)
rElec    .         Reflect  .   (no cloak)
rCorr    .         Harm     .   (no gloves)
MR       .....                  (no boots)
Stlth    +.........             (no amulet)
HPRegen  0.10/turn              (no ring)
MPRegen  0.11/turn              (no ring)

@: lethally poisoned (0 -> -3)
A: distributed training, fangs 1, strong nose
a: no special abilities


You were on level 3 of the Dungeon.
You were not hungry.

You visited 1 branch of the dungeon, and saw 3 of its levels.

You collected 27 gold pieces.

Inventory:

Hand Weapons
 a - a +0 spear (weapon)
Armour
 b - a +0 leather armour (worn)
Scrolls
 e - a scroll of identify {unknown}
 f - a scroll of teleportation {unknown}
Potions
 g - 2 potions of invisibility {unknown}
 h - a potion of haste {unknown}
 i - 2 potions of cancellation {unknown}
Books
 c - a book of Battle

   Spells                             Type                      Level
   a - Infusion                       Charms                       1
   b - Shroud of Golubria             Charms/Translocation         2
   c - Song of Slaying                Charms                       2
   d - Spectral Weapon                Hexes/Charms                 3
   e - Regeneration                   Charms/Necromancy            3
Comestibles
 d - 3 rations


   Skills:
 + Level 4.6 Fighting
 + Level 1.0 Short Blades
 + Level 1.0 Long Blades
 + Level 1.0 Axes
 + Level 1.0 Maces & Flails
 + Level 4.6 Polearms
 + Level 1.0 Staves
 + Level 1.0 Slings
 + Level 1.0 Bows
 + Level 1.0 Crossbows
 + Level 1.0 Throwing
 + Level 2.6 Armour
 + Level 4.6 Dodging
 + Level 1.0 Stealth
 + Level 1.0 Shields
 + Level 1.0 Unarmed Combat
 + Level 5.0 Spellcasting
 + Level 0.7 Conjurations
 + Level 0.7 Hexes
 + Level 5.4 Charms
 + Level 0.7 Summonings
 + Level 0.7 Necromancy
 + Level 0.7 Translocations
 + Level 0.7 Transmutations
 + Level 0.7 Fire Magic
 + Level 0.7 Ice Magic
 + Level 0.7 Air Magic
 + Level 0.7 Earth Magic
 + Level 0.7 Poison Magic
 + Level 1.0 Invocations
 + Level 1.0 Evocations


You had 7 spell levels left.
You knew the following spells:

 Your Spells              Type           Power        Failure   Level  Hunger
a - Infusion              Chrm           ###.         1%          1    None
l - Song of Slaying       Chrm           ###.....     3%          2    #......
t - Shroud of Golubria    Chrm/Tloc      ##........   9%          2    #......


Dungeon Overview and Level Annotations

Branches:
Dungeon (3/15)

Altars:

Annotations:
D:3 Jessica


Innate Abilities, Weirdness & Mutations

Your experience applies equally to all skills.
You have very sharp teeth.
Your uncanny sense of smell can sniff out nearby items.


Message History

Your Long Blades skill increases to level 1!
Your Axes skill increases to level 1!
Your Maces & Flails skill increases to level 1!
Your Staves skill increases to level 1!
Your Slings skill increases to level 1!
Your Bows skill increases to level 1!
Your Crossbows skill increases to level 1!
Your Throwing skill increases to level 1!
Your Stealth skill increases to level 1!
Your Shields skill increases to level 1!
Your Unarmed Combat skill increases to level 1!
Your Evocations skill increases to level 1!
* * * LOW HITPOINT WARNING * * *
You feel sick. Jessica closely misses you.
Unknown command.
Unknown command.
Unknown command.
You hit Jessica.
Jessica is severely wounded.
Jessica hits you.
You die...

..# #........<.. #.# ∆
#.#.#.###### #.# ...
#.#### #.# .#. .#.)..#
#.# ∆ #.......#..#
#.#######.#.#...###..#
#...†............ #..#
######.###.....####..###
#@@g......#........
####.#....#)######.
#.#∆...#(..# #.. ..###.#
#### .#...# #.######.
#........ ####.†### #..#


You could see Jessica and a hobgoblin.

Vanquished Creatures
  2 adders (D:3)
  A worm (D:3)
  2 dart slugs (D:1)
  3 leopard geckos
  An orc (D:3)
  3 goblins
  2 hobgoblins
  2 jackals (D:1)
  3 kobolds (D:1)
  A quokka (D:2)
  3 bats
  A frilled lizard (D:3)
24 creatures vanquished.

Notes
Turn   | Place    | Note
-------+----------+-------------------------------------------
     0 | D:1      | letownia2 the Gnoll Skald began the quest for the Orb.
     0 | D:1      | Reached XP level 1. HP: 20/20 MP: 6/6
    55 | D:1      | Reached XP level 2. HP: 18/26 MP: 3/7
    98 | D:1      | Learned a level 2 spell: Song of Slaying
   101 | D:1      | Learned a level 2 spell: Shroud of Golubria
   261 | D:2      | Reached XP level 3. HP: 26/31 MP: 9/9
   326 | D:3      | Reached skill level 5 in Spellcasting
   377 | D:3      | Reached skill level 1 in Invocations
   378 | D:3      | Noticed Jessica
   397 | D:3      | HP: 1/31 [Jessica (2)]
   399 | D:3      | Reached skill level 1 in Short Blades
   399 | D:3      | Reached skill level 1 in Long Blades
   399 | D:3      | Reached skill level 1 in Axes
   399 | D:3      | Reached skill level 1 in Maces & Flails
   399 | D:3      | Reached skill level 1 in Staves
   399 | D:3      | Reached skill level 1 in Slings
   399 | D:3      | Reached skill level 1 in Bows
   399 | D:3      | Reached skill level 1 in Crossbows
   399 | D:3      | Reached skill level 1 in Throwing
   399 | D:3      | Reached skill level 1 in Stealth
   399 | D:3      | Reached skill level 1 in Shields
   399 | D:3      | Reached skill level 1 in Unarmed Combat
   399 | D:3      | Reached skill level 1 in Evocations
   400 | D:3      | Slain by Jessica

Skill      XL: |  1  2  3 |
---------------+----------+-----
Spellcasting   | 5 |  5.0
Invocations    | 1 |  1.0
Short Blades   | 1 |  1.0
Long Blades    | 1 |  1.0
Axes           | 1 |  1.0
Maces & Flails | 1 |  1.0
Staves         | 1 |  1.0
Slings         | 1 |  1.0
Bows           | 1 |  1.0
Crossbows      | 1 |  1.0
Throwing       | 1 |  1.0
Stealth        | 1 |  1.0
Shields        | 1 |  1.0
Unarmed Combat | 1 |  1.0
Evocations     | 1 |  1.0
Fighting       | |  4.6
Polearms       | |  4.6
Armour         | |  2.6
Dodging        | |  4.6
Conjurations   | |  0.7
Hexes          | |  0.7
Charms         | |  5.4
Summonings     | |  0.7
Necromancy     | |  0.7
Translocations | |  0.7
Transmutations | |  0.7
Fire Magic     | |  0.7
Ice Magic      | |  0.7
Air Magic      | |  0.7
Earth Magic    | |  0.7
Poison Magic   | |  0.7

Action                   || total
-------------------------++-------
Melee: Spear             ||   109
       Bite              ||     7
 Cast: Infusion          ||     3
       Shroud of Golubri ||     4
       Song of Slaying   ||     1
 Stab: Sleeping          ||     1
Armor: Leather armour    ||    13
Dodge: Dodged            ||    68
